 Dungeon Crawl Stone Soup version 0.28-a0-773-g130ae17fe5 (webtiles) character file.

Game seed: 17216143194850977238

2317 flotson the Skirmisher (level 9, -4/71 HPs)
             Began as a Demonspawn Delver on Nov 1, 2021.
             Was an Initiate of Gozag.
             Slain by an orc warrior (8 damage)
             ... on level 7 of the Dungeon.
             The game lasted 00:10:19 (7713 turns).

flotson the Skirmisher (Demonspawn Delver)          Turns: 7713, Time: 00:10:20

Health: -4/71      AC: 10    Str: 16    XL:     9   Next: 18%
Magic:  9/9        EV: 14    Int: 12    God:    Gozag
Gold:   530        SH:  0    Dex: 16    Spells: 8/8 levels left

rFire   . . .      SeeInvis .   I - +3 quarterstaff (chaos)
rCold   . . .      Faith    .   (shield currently unavailable)
rNeg    . . .      Spirit   .   E - +2 leather armour {Will+}
rPois   .          Reflect  .   (no helmet)
rElec   .          Harm     .   H - +2 cloak
rCorr   +          Rampage  .   (no gloves)
Will    +....                   o - +0 pair of boots
Stlth   ++++......              (no amulet)
HPRegen 0.21/turn               b - ring of resist corrosion
MPRegen 0.11/turn               (no ring)

@: slowed, very slow
A: thin skeletal structure 1, foul stench 1, spiny 2, weakness stinger 1
a: Renounce Religion, Potion Petition, Call Merchant, Bribe Branch


You were on level 7 of the Dungeon.
You worshipped Gozag.
Gozag was pleased with you.
You visited 2 branches of the dungeon, and saw 8 of its levels.

You collected 599 gold pieces.
You paid 69 gold pieces to Gozag.

Inventory:

Hand Weapons
 a - a +0 hand axe
 i - a +1 vorpal battleaxe
 s - a +0 halberd
 I - a +3 quarterstaff of chaos (weapon)
Missiles
 G - 19 poisoned darts (quivered)
Armour
 o - a +0 pair of boots (worn)
 E - a +2 leather armour of willpower (worn)
 H - a +2 cloak (worn)
Jewellery
 b - a ring of resist corrosion (left hand)
Wands
 g - a wand of digging (3)
 w - a wand of charming (8)
 x - a wand of acid (20)
 y - a wand of iceblast (12)
Scrolls
 c - a scroll of fog
 d - 3 scrolls of magic mapping
 e - 2 scrolls of fear
 l - 6 scrolls of identify {unknown}
 p - 2 scrolls of holy word {unknown}
 q - 3 scrolls of vulnerability {unknown}
 r - 2 scrolls of amnesia {unknown}
 t - 2 scrolls of noise {unknown}
 v - a scroll of teleportation {unknown}
 A - 2 scrolls of immolation {unknown}
 C - a scroll of enchant weapon {unknown}
 F - a scroll of enchant armour {unknown}
 L - a scroll of brand weapon {unknown}
Potions
 f - a potion of haste
 h - a potion of degeneration {unknown}
 j - 2 potions of mutation {unknown}
 k - 3 potions of brilliance {unknown}
 m - 3 potions of might {unknown}
 n - 2 potions of curing {unknown}
 u - a potion of ambrosia {unknown}
 z - a potion of resistance {unknown}
 B - a potion of attraction {unknown}
 D - a potion of lignification {unknown}
 J - 2 potions of heal wounds {unknown}
 K - a potion of magic {unknown}


   Skills:
 + Level 6.5 Fighting
 + Level 4.5 Axes
 + Level 2.0 Throwing
 + Level 5.1 Armour
 + Level 5.5 Dodging
 - Level 4.5 Stealth
 + Level 4.4 Evocations


You had 8 spell levels left.
You didn't know any spells.
Your spell library contained the following spells:

 Spells                   Type           Power      Damage    Failure   Level
 Animate Skeleton         Necr           0%         N/A       36%         1
 Apportation              Tloc           0%         N/A       36%         1
 Freeze                   Ice            0%         1d3       36%         1
 Magic Dart               Conj           0%         1d3       36%         1
 Summon Small Mammal      Summ           0%         N/A       36%         1
 Call Imp                 Summ           0%         N/A       52%         2
 Frozen Ramparts          Ice            0%         1d2       75%         3
 Mephitic Cloud           Conj/Pois/Air  0%         N/A       75%         3
 Animate Armour           Summ/Erth      0%         N/A       98%         4
 Hailstorm                Conj/Ice       0%         3d3       98%         4
 Blade Hands              Tmut           0%         N/A       100%        5
 Iron Shot                Conj/Erth      0%         9d1       100%        6


Dungeon Overview and Level Annotations

Branches:
Dungeon (7/15)             Temple (1/1) D:6

Altars:
Cheibriados
Dithmenos
Fedhas
Gozag
Makhleb
Qazlal
Ru
Sif Muna
Trog
Zin
The Shining One

Annotations:
D:7 Leeroy's ghost, novice DrTm


Innate Abilities, Weirdness & Mutations

You have a somewhat thin skeletal structure. (Dex +2, Stealth+)
You may rarely emit foul miasma when damaged in melee.
You are mostly covered in sharp spines.
You have a small tail.


Message History

You have difficulty breathing.
You feel yourself slow down.
You feel very sick.
The orc warrior hits you with a +0 short sword!
You feel very sick. The kobold barely misses you.
The kobold is struck by your spines.
You kill the kobold!
You feel sick.
The orc warrior is struck by your spines.
The orc warrior hits you with a +0 short sword.
You feel sick.
The orc warrior is struck by your spines.
The orc warrior hits you with a +0 morningstar.
There is a transporter here.
You enter the transporter and appear at another place.
You feel sick.
The orc warrior is struck by your spines.
The orc warrior closely misses you. x2
The orc warrior hits you but does no damage.
The orc warrior barely misses you.
You feel sick.
The orc warrior is struck by your spines.
The orc warrior barely misses you.
The orc warrior hits you with a +0 long sword!
* * * LOW HITPOINT WARNING * * *
The orc warrior closely misses you.
You feel sick.
You are no longer poisoned.
The orc warrior is struck by your spines.
The orc warrior misses you. The orc warrior barely misses you.
The orc warrior hits you with a +0 long sword!
* * * LOW HITPOINT WARNING * * *
The orc warrior hits you with a +0 long sword!
* * * LOW HITPOINT WARNING * * *
The orc warrior is struck by your spines.
The orc warrior hits you with a +0 short sword.
* * * LOW HITPOINT WARNING * * *
The orc warrior hits you with a +0 morningstar!
You die...
Your body crumbles into a pile of gold.

..........### #..#.#........#
..#####.....# ##..#.#..#......
###.©.###...# #...#.#..#.#....
##..g...##..# #.....#..#.#....
####.$..##..## #.....#..#.#....
.# #W###.##..# ###...#..#.#....
.##..y #..#..#######.#.#..#.#....
...[_.##.©#©...o..##.#......#....
...[.....g#....o@.....#.#.###....
..#≈#....##....o.................
..###....#..##...#....#.#.###....
####....##.......#....#...# #....
###...###........#....##..# #....
..#####.....)....#....##..# #....
..........#......#....##..#######
........###......#....##.>..# #..
.........##......#....###'#####..


You could see 3 orc warriors and a gnoll sergeant.

Vanquished Creatures
  Eustachio (D:6)
  A steam dragon (D:7)
  An ice beast (D:7)
  2 sky beasts
  3 ogres
  2 centaurs
  2 phantoms
  A kobold brigand (D:6)
  Blork the orc (D:6)
  A water moccasin zombie (D:5)
  A wyvern skeleton (D:5)
  A scorpion (D:3)
  A centaur zombie (D:7)
  6 crimson imps (D:7)
  3 hounds
  4 jellies (D:6)
  6 iguanas
  Crazy Yiuf (D:6)
  Terence (D:3)
  3 orc wizards
  A hound skeleton (D:4)
  4 gnolls (D:2)
  6 adders
  3 shadow imps (D:7)
  2 white imps (D:7)
  4 dart slugs
  6 orcs
  7 endoplasms
  2 giant cockroaches (D:2)
  9 goblins
  6 hobgoblins
  7 jackals (D:1)
  A quokka (D:1)
  8 ball pythons
  5 bats
  4 frilled lizards
  8 kobolds
  3 rats
128 creatures vanquished.

Notes
Turn   | Place    | Note
-------+----------+-------------------------------------------
     0 | D:5      | flotson the Demonspawn Delver began the quest for the Orb.
     0 | D:5      | Reached XP level 1. HP: 18/18 MP: 1/1
    51 | D:5      | Noticed a water moccasin zombie
   431 | D:1      | Gained mutation: You have a small tail. [demonic ancestry]
   431 | D:1      | Reached XP level 2. HP: 20/24 MP: 2/2
   721 | D:1      | Reached skill level 1 in Armour
   865 | D:1      | Found a faded altar of an unknown god.
   956 | D:1      | Gained mutation: You have a somewhat thin skeletal
                  | structure. (Dex +2, Stealth+) [demonic ancestry]
   956 | D:1      | Reached XP level 3. HP: 27/29 MP: 3/3
  1653 | D:2      | Reached XP level 4. HP: 27/37 MP: 4/4
  2328 | D:3      | Noticed a scorpion
  2385 | D:3      | Reached skill level 4 in Fighting
  2523 | D:3      | Killed a scorpion
  2524 | D:3      | Reached XP level 5. HP: 8/42 MP: 5/5
  2870 | D:3      | Noticed Terence
  2876 | D:3      | Killed Terence
  3502 | D:4      | Gained mutation: You are partially covered in sharp spines.
                  | [demonic ancestry]
  3502 | D:4      | Reached XP level 6. HP: 49/49 MP: 6/6
  3925 | D:4      | Reached skill level 1 in Evocations
  3977 | D:4      | Found a shimmering blue altar of Sif Muna.
  4658 | D:5      | Reached XP level 7. HP: 55/55 MP: 7/7
  4692 | D:5      | Reached skill level 5 in Fighting
  5064 | D:6      | Found a staircase to the Ecumenical Temple.
  5064 | D:6      | Noticed Eustachio
  5082 | D:6      | Killed Eustachio
  5085 | Temple   | Entered the Ecumenical Temple
  5170 | Temple   | Became a worshipper of Gozag Ym Sagoz the Greedy
  5268 | D:6      | Gained mutation: You may rarely emit foul miasma when
                  | damaged in melee. [demonic ancestry]
  5268 | D:6      | Reached XP level 8. HP: 61/63 MP: 8/8
  5282 | D:6      | Noticed Blork the orc
  5303 | D:6      | Killed Blork the orc
  5947 | D:6      | Reached skill level 5 in Dodging
  5948 | D:6      | Reached skill level 6 in Fighting
  6176 | D:6      | Found a runed translucent door.
  6177 | D:6      | Noticed Crazy Yiuf
  6184 | D:6      | Killed Crazy Yiuf
  6583 | D:7      | Found a transporter.
  6704 | D:7      | Reached skill level 1 in Throwing
  6862 | D:7      | Found a transporter.
  6870 | D:7      | Noticed a moth of wrath
  6891 | D:7      | Noticed Leeroy's ghost (novice DrTm)
  7070 | D:7      | Gained mutation: You are mostly covered in sharp spines.
                  | [demonic ancestry]
  7070 | D:7      | Reached XP level 9. HP: 70/70 MP: 9/9
  7134 | D:7      | Reached skill level 5 in Armour
  7700 | D:7      | Found a bloodstained altar of Trog.
  7712 | D:7      | HP: 3/71 [orc warrior (2)]
  7713 | D:7      | Slain by an orc warrior

Illustrated notes

Levels and vault maps discovered:
D:1:      ncdulo_halloftheorcs, layout_basic, ebering_ecumenical_altar_webs
D:2:      layout_loops_cross, minmay_bisected
D:3:      layout_basic, uniq_terence
D:4:      layout_rooms, tgw_sif
D:5:      layout_rooms
D:6:      layout_loops_corners, minmay_temple_entry_hall,
          uniq_crazy_yiuf_cottage, uniq_eustachio, uniq_blork_the_orc
D:7:      layout_basic, gammafunk_ghost_wrathful_warriors, minmay_nine_imps
Temple:   nicolae_temple_the_god_donut

Skill      XL: |  1  2  3  4  5  6  7  8  9 |
---------------+----------------------------+-----
Dodging        | 2 3 4 5 |  5.5
Armour         | 1 2 3 4 5 |  5.1
Fighting       | 4 5 6 |  6.5
Axes           | 2 3 4 |  4.5
Evocations     | 1 2 4 |  4.4
Throwing       | 1 2 |  2.0
Stealth        | |  4.5

Action                   |  1- 3 |  4- 6 |  7- 9 || total
-------------------------+-------+-------+-------++-------
Melee: Hand axe          |   116 |     5 |       ||   121
       Tailslap          |     9 |    20 |    14 ||    43
       Halberd           |       |   130 |    49 ||   179
       Quarterstaff      |       |       |    56 ||    56
       Battleaxe         |       |       |    28 ||    28
Throw: Throwing net      |       |       |     1 ||     1
Evoke: Wand              |       |     2 |       ||     2
 Stab: Sleeping          |     4 |    13 |    11 ||    28
       Distracted        |     1 |     2 |       ||     3
       Paralysed         |       |       |     2 ||     2
Armor: Leather armour    |    27 |       |    29 ||    56
       Ring mail         |     7 |    55 |     4 ||    66
Dodge: Dodged            |    87 |    75 |    98 ||   260

Table legend: (Time is in decaauts)
 A = Elapsed time spent in this place.
 B = Non-inter-level travel time spent in this place.
 C = Inter-level travel time spent in this place.
 D = Time resting spent in this place.
 E = Time spent auto-exploring this place.
 F = Levels seen in this place.
 G = Mean time per level.
                   A        B        C        D        E       F      G
               +--------+--------+--------+--------+--------+-----+--------+
         Total |   7855 |   7511 |    344 |      3 |   6183 |   8 |  981.9 |
       Dungeon |   7757 |   7425 |    332 |      3 |   6107 |   7 | 1108.1 |
        Temple |     97 |     85 |     12 |      0 |     76 |   1 |   97.0 |
               +--------+--------+--------+--------+--------+-----+--------+

Top non-repeatable levels by time:
     D:3: 1804 daAuts
     D:6: 1428 daAuts
     D:7: 1202 daAuts
     D:2: 979 daAuts
     D:1: 894 daAuts
     D:5: 761 daAuts
     D:4: 687 daAuts
  Temple: 97 daAuts
